 Dungeon Crawl Stone Soup version 0.30-a0-1116-gebefce21f7 (webtiles) character file.

Game seed: 17034581184291476440

72 holysushi the Cutter (level 4, -1/35 HPs)
             Began as a Demonspawn Monk on Apr 21, 2023.
             Slain by an orc priest
             ... wielding a +0 morningstar
              (9 damage)
             ... on level 3 of the Dungeon.
             The game lasted 00:03:04 (1768 turns).

holysushi the Cutter (Demonspawn Monk)              Turns: 1768, Time: 00:03:05

Health: -1/35      AC:  6    Str: 15    XL:     4   Next: 7%
Magic:  4/4        EV: 13    Int: 10    God:
Gold:   234        SH:  0    Dex: 17    Spells: 3/3 levels left

rFire   . . .      SeeInvis .    a - +0 short sword
rCold   . . .      Faith    .    d - orb {light}
rNeg    . . .      Spirit   .    b - +0 robe
rPois   .          Reflect  .    k - +0 helmet
rElec   .          Rampage  .    (no cloak)
rCorr   .                        i - +0 pair of gloves
Will    .....                    (no boots)
Stlth   +                        (no amulet)
HPRegen 0.25/turn                (no ring)
MPRegen 0.09/turn                (no ring)

@: glowing
A: thin metallic scales 1, powered by death 1, strong 1
a: no special abilities


You were on level 3 of the Dungeon.
You visited 1 branch of the dungeon, and saw 3 of its levels.

You collected 234 gold pieces.

Inventory:

Hand Weapons
 a - a +0 short sword (weapon)
Armour
 b - a +0 robe (worn)
 d - an orb of light (worn)
 i - a +0 pair of gloves (worn)
 k - a +0 helmet (worn)
Jewellery
 m - an amulet of the acrobat
Scrolls
 h - 2 scrolls of identify
Potions
 f - 2 potions of brilliance
 j - a potion of curing


   Skills:
 - Level 3.0 Fighting
 + Level 4.5 Short Blades
 - Level 2.6 Dodging


You had 3 spell levels left.
You didn't know any spells.
Your spell library contained the following spells:

 Spells                   Type           Power      Damage    Failure   Level
 Cigotuvi's Dreadful Rot  Necr/Pois/Air  0%         N/A       50%         2
 Call Canine Familiar     Summ           0%         N/A       75%         3
 Dazzling Flash           Conj/Hex       0%         N/A       75%         3
 Ignite Poison            Fire/Tmut/Pois 0%         N/A       75%         3
 Portal Projectile        Hex/Tloc       0%         N/A       75%         3
 Leda's Liquefaction      Hex/Erth       0%         N/A       98%         4
 Agony                    Necr           0%         N/A       100%        5
 Freezing Cloud           Conj/Ice/Air   0%         6-21      100%        5
 Silence                  Hex/Air        0%         N/A       100%        5


Dungeon Overview and Level Annotations

Branches:
Dungeon (3/15) Zot: 16258

Altars:
Cheibriados

Annotations:
D:2 Terence
D:3 Robin


Innate Abilities, Weirdness & Mutations

You are partially covered in thin metallic scales. (AC +2)
You regenerate a little health from kills.
Your muscles are strong. (Str +4, Int/Dex -1)


Message History

a +0 dagger; 15 gold pieces You hit the orc priest but do no damage.
The orc priest is moderately wounded.
Press: ? - help, v - describe, . - travel
Here: an orc priest, wielding a +0 morningstar and wearing a +0 leather armour (moderately wounded, haloed)
The floor.
Unknown command.
You aren't carrying any items that you can evoke.
Unknown command.
As you read the scroll labelled JUTSUA RAXZAJU, it crumbles to dust.
The scroll dissolves into smoke.
It was a scroll of fog.
The orc priest closely misses you.
You hit the orc priest but do no damage.
The orc priest is moderately wounded.
The orc priest misses you.
You hit the orc priest.
The orc priest is moderately wounded.
The orc priest hits you with a +0 morningstar.
You barely miss the orc priest.
The orc priest is moderately wounded.
The orc priest hits you with a +0 morningstar!
You hit the orc priest.
The orc priest is heavily wounded.
You hit the orc priest but do no damage.
The orc priest is heavily wounded.
The orc priest barely misses you.
Blink to where?
Press: ? - help, Dir - move target
As you read the scroll labelled XEUKIT SUISCH, it crumbles to dust.
It was a scroll of blinking.
As you read the scroll labelled LUORIOMEEN, it crumbles to dust.
Your body is wracked with pain!
* * * LOW HITPOINT WARNING * * *
The orc priest convulses!
It was a scroll of torment.
The orc priest mumbles some strange prayers to Beogh against you.
You barely resist. You hit the orc priest.
The orc priest is severely wounded.
The orc priest hits you with a +0 morningstar!
You die...

#. #. # #.#+## # #....#
# #.§§§## #
#.§§§§#################
#.#§§o@§...............
#§§§§...############# #
#§§§###+## ###
#.#..).....# ...
##.#........# #.##
.........<..# #...
#.#........# ##.
#.#........###### #. #
#.............######.


You could see an orc priest.

Vanquished Creatures
  Jessica (D:2)
  2 dart slugs
  4 orcs (D:3)
  3 bats
  5 endoplasms
  3 giant cockroaches
  2 goblins (D:3)
  3 hobgoblins
  4 kobolds
  5 ball pythons
  A frilled lizard (D:1)
  2 rats
35 creatures vanquished.

Notes
Turn   | Place    | Note
-------+----------+-------------------------------------------
     0 | D:1      | holysushi the Demonspawn Monk began the quest for the Orb.
     0 | D:1      | Reached XP level 1. HP: 18/18 MP: 1/1
    80 | D:1      | Reached skill level 3 in Short Blades
   161 | D:1      | Gained mutation: You regenerate a little health from kills.
                  | [demonic ancestry]
   161 | D:1      | Reached XP level 2. HP: 24/24 MP: 2/2
   924 | D:2      | Noticed Terence
   968 | D:2      | Noticed Jessica
  1167 | D:1      | Gained mutation: Your muscles are strong. (Str +4, Int/Dex
                  | -1) [potion of mutation]
  1239 | D:2      | Killed Jessica
  1240 | D:2      | Reached skill level 4 in Short Blades
  1240 | D:2      | Reached XP level 3. HP: 19/29 MP: 3/3
  1292 | D:2      | Found a snail-covered altar of Cheibriados.
  1428 | D:3      | Noticed Robin
  1729 | D:3      | Gained mutation: You are partially covered in thin metallic
                  | scales. (AC +2) [demonic ancestry]
  1729 | D:3      | Reached XP level 4. HP: 35/35 MP: 4/4
  1768 | D:3      | Slain by an orc priest

Illustrated notes

Levels and vault maps discovered:
D:1:      kennysheep_arrival_forest, layout_basic, kennysheep_another_room,
          nrook_campfire, minivault_14
D:2:      layout_rooms, basic_altar, hex_tiny, uniq_jessica, uniq_terence
D:3:      layout_basic, uniq_robin, uniq_sigmund

Skill      XL: |  1  2 |
---------------+-------+-----
Short Blades   | 3 4 |  4.5
Fighting       | |  3.0
Dodging        | |  2.6

Action                     |  1- 3 |  4- 6 || total
---------------------------+-------+-------++-------
  Melee: Short sword       |   126 |    28 ||   154
    Use: Potion            |     2 |     1 ||     3
         Scroll            |     1 |     3 ||     4
 Armour: Robe              |    34 |    10 ||    44
  Dodge: Dodged            |    89 |    22 ||   111

Table legend: (Time is in decaauts)
 A = Elapsed time spent in this place.
 B = Non-inter-level travel time spent in this place.
 C = Inter-level travel time spent in this place.
 D = Time resting spent in this place.
 E = Time spent auto-exploring this place.
 F = Levels seen in this place.
 G = Mean time per level.
                   A        B        C        D        E       F      G
               +--------+--------+--------+--------+--------+-----+--------+
         Total |   1741 |   1627 |    114 |    100 |   1062 |   3 |  580.3 |
       Dungeon |   1741 |   1627 |    114 |    100 |   1062 |   3 |  580.3 |
               +--------+--------+--------+--------+--------+-----+--------+

Top non-repeatable levels by time:
     D:1: 1047 daAuts
     D:2: 353 daAuts
     D:3: 340 daAuts
